TOP OF THE 1ST |
Baltimore Orioles batting - Pitching for Oakland Athletics : LHP Shelby Rich
|
Pitching: LHP Shelby Rich
|
|
Batting: RHB Andres Leon
|
0-0: Ball 1-0: Ball 2-0: Ground out 6-3 (Groundball, 56, EV 84.4 MPH)
|
Batting: RHB Marc Peckermark
|
0-0: Called Strike 0-1: Ball 1-1: SINGLE (Groundball, 25, EV 63.8 MPH) (infield hit)
|
Batting: RHB Kevin Howard
|
0-0: Ball 1-0: Ground out 4-3 (Groundball, 34, EV 106.9 MPH) Marc Peckermark to second
|
Batting: LHB Brad Pepin
|
0-0: Fly out, F7 (Flyball, 7LM, EV 86.9 MPH)
|
Top of the 1st over - 0 runs, 1 hit, 0 errors, 1 left on base; Baltimore 0 - Oakland 0 |
BOTTOM OF THE 1ST |
Oakland Athletics batting - Pitching for Baltimore Orioles : RHP Jacob Taylor
|
Pitching: RHP Jacob Taylor
|
|
Batting: RHB Muneo Kawachi
|
0-0: Ball 1-0: SINGLE (Groundball, 3D, EV 97.5 MPH)
|
Batting: RHB Philip Jansen
|
0-0: Ball Muneo Kawachi is caught stealing 2nd base 2-4 1-0: Ground out 5-3 (Groundball, 56, EV 106.9 MPH)
|
Batting: LHB Nate Dean
|
0-0: Called Strike 0-1: Called Strike 0-2: Ball 1-2: Strikes out looking
|
Bottom of the 1st over - 0 runs, 1 hit, 0 errors, 0 left on base; Baltimore 0 - Oakland 0 |
TOP OF THE 2ND |
Baltimore Orioles batting - Pitching for Oakland Athletics : LHP Shelby Rich
|
Batting: RHB Saimei Kudo
|
0-0: Called Strike 0-1: Ground out 6-3 (Groundball, 6M, EV 79.4 MPH)
|
Batting: RHB Alex Rodriguez Jr.
|
0-0: Foul Ball, location: 2F 0-1: Ground out 6-3 (Groundball, 6, EV 92.5 MPH)
|
Batting: RHB Jeremy Giesler
|
0-0: Foul Ball, location: 2F 0-1: Swinging Strike 0-2: Ball 1-2: Strikes out looking
|
Top of the 2nd over - 0 runs, 0 hits, 0 errors, 0 left on base; Baltimore 0 - Oakland 0 |
BOTTOM OF THE 2ND |
Oakland Athletics batting - Pitching for Baltimore Orioles : RHP Jacob Taylor
|
Batting: SHB Robert Handy
|
0-0: Fly out, F5 (Popup, 56S, EV 66.2 MPH)
|
Batting: RHB Sébastien Piat
|
0-0: Called Strike 0-1: Swinging Strike 0-2: Ground out 4-3 (Groundball, 4, EV 89.4 MPH)
|
Batting: LHB George Leary
|
0-0: Fly out, F8 (Flyball, 8RM, EV 86.2 MPH)
|
Bottom of the 2nd over - 0 runs, 0 hits, 0 errors, 0 left on base; Baltimore 0 - Oakland 0 |
TOP OF THE 3RD |
Baltimore Orioles batting - Pitching for Oakland Athletics : LHP Shelby Rich
|
Batting: RHB Randy Johnson Jr.
|
0-0: Ground out 5-3 (Groundball, 56S, EV 86.9 MPH)
|
Batting: RHB Carlos Talavera
|
0-0: Fly out, F9 (Line Drive, 9, EV 91.2 MPH)
|
Batting: RHB Andres Leon
|
0-0: Foul Ball, location: 2F 0-1: SINGLE (Groundball, 34D, EV 104.4 MPH)
|
Batting: RHB Marc Peckermark
|
0-0: Ball 1-0: Fly out, F8 (Flyball, 8LM, EV 71.9 MPH)
|
Top of the 3rd over - 0 runs, 1 hit, 0 errors, 1 left on base; Baltimore 0 - Oakland 0 |
BOTTOM OF THE 3RD |
Oakland Athletics batting - Pitching for Baltimore Orioles : RHP Jacob Taylor
|
Batting: SHB Ryan Langlois
|
0-0: Ball 1-0: Called Strike 1-1: Foul Ball, location: 2F 1-2: Strikes out looking
|
Batting: LHB Tommy King
|
0-0: Called Strike 0-1: Called Strike 0-2: Ball 1-2: Foul Ball, location: 2F 1-2: Foul Ball, location: 2F 1-2: Ball 2-2: DOUBLE (Flyball, 89D, EV 98.8 MPH)
|
Batting: RHB Danny Murillo
|
0-0: Ball 1-0: Called Strike 1-1: Ball 2-1: Called Strike 2-2: SINGLE (Line Drive, 56D, EV 103.8 MPH) Tommy King to third Runner from 3rd tries for Home, SAFE, throw by LF to home
|
Batting: RHB Muneo Kawachi
|
0-0: Fielders Choice at 2nd, 2-4 (Groundball, 15S, EV 75.6 MPH)
|
Batting: RHB Philip Jansen
|
0-0: Called Strike 0-1: Swinging Strike 0-2: Ball Muneo Kawachi is caught stealing 2nd base 2-4
|
Bottom of the 3rd over - 1 run, 2 hits, 0 errors, 0 left on base; Baltimore 0 - Oakland 1 |
TOP OF THE 4TH |
Baltimore Orioles batting - Pitching for Oakland Athletics : LHP Shelby Rich
|
Batting: RHB Kevin Howard
|
0-0: Called Strike 0-1: Called Strike 0-2: Foul Ball, location: 2F 0-2: Foul Ball, location: 2F 0-2: Ball 1-2: Ball 2-2: Foul Ball, location: 2F 2-2: Ground out 4-3 (Groundball, 4, EV 99.4 MPH)
|
Batting: LHB Brad Pepin
|
0-0: Ball 1-0: Ball 2-0: Ground out 6-3 (Groundball, 6, EV 100.0 MPH)
|
Batting: RHB Saimei Kudo
|
0-0: Ball 1-0: Ball 2-0: Swinging Strike 2-1: Foul Ball, location: 2F 2-2: Ground out 1-3 (Groundball, 13, EV 71.2 MPH)
|
Top of the 4th over - 0 runs, 0 hits, 0 errors, 0 left on base; Baltimore 0 - Oakland 1 |
BOTTOM OF THE 4TH |
Oakland Athletics batting - Pitching for Baltimore Orioles : RHP Jacob Taylor
|
Batting: RHB Philip Jansen
|
0-0: Called Strike 0-1: Foul Ball, location: 2F 0-2: Ball 1-2: Ball 2-2: Ball 3-2: TRIPLE (Line Drive, 8RXD, EV 102.5 MPH)
|
Batting: LHB Nate Dean
|
0-0: Called Strike 0-1: Ball 1-1: Ball 2-1: Fly out, F7 (Flyball, 78M, EV 90.6 MPH)
|
Batting: SHB Robert Handy
|
0-0: Ball 1-0: Ground out 6-3 (Groundball, 6, EV 83.8 MPH) Philip Jansen scores
|
Batting: RHB Sébastien Piat
|
0-0: Called Strike 0-1: Called Strike 0-2: Ground out 1-3 (Groundball, 13, EV 63.1 MPH)
|
Bottom of the 4th over - 1 run, 1 hit, 0 errors, 0 left on base; Baltimore 0 - Oakland 2 |
TOP OF THE 5TH |
Baltimore Orioles batting - Pitching for Oakland Athletics : LHP Shelby Rich
|
Batting: RHB Alex Rodriguez Jr.
|
0-0: Ball 1-0: Swinging Strike 1-1: Ball 2-1: Ground out 6-3 (Groundball, 6, EV 93.1 MPH)
|
Batting: RHB Jeremy Giesler
|
0-0: Called Strike 0-1: Ball 1-1: SINGLE (Line Drive, 7S, EV 107.5 MPH)
|
Batting: RHB Randy Johnson Jr.
|
0-0: Swinging Strike 0-1: Swinging Strike 0-2: Ball 1-2: Strikes out swinging
|
Batting: RHB Carlos Talavera
|
0-0: Ball 1-0: Ball 2-0: Swinging Strike 2-1: Ball 3-1: Called Strike 3-2: Foul Ball, location: 2F 3-2: Foul Ball, location: 2F 3-2: Ground out 4-3 (Groundball, 4, EV 85.6 MPH)
|
Top of the 5th over - 0 runs, 1 hit, 0 errors, 1 left on base; Baltimore 0 - Oakland 2 |
BOTTOM OF THE 5TH |
Oakland Athletics batting - Pitching for Baltimore Orioles : RHP Jacob Taylor
|
Batting: LHB George Leary
|
0-0: Ball 1-0: Swinging Strike 1-1: Ball 2-1: SOLO HOME RUN (Flyball, 9D, EV 100.0 MPH), Distance : 389 ft
|
Batting: SHB Ryan Langlois
|
0-0: Swinging Strike 0-1: Ball 1-1: DOUBLE (Line Drive, 89D, EV 107.5 MPH)
|
Batting: LHB Tommy King
|
0-0: Called Strike 0-1: Ground out 4-3 (Groundball, 4MD, EV 80.6 MPH) Ryan Langlois to third
|
Batting: RHB Danny Murillo
|
0-0: Ball 1-0: Foul Ball, location: 2F 1-1: Foul Ball, location: 2F 1-2: Strikes out swinging
|
Batting: RHB Muneo Kawachi
|
0-0: Ball 1-0: Fly out, F7 (Flyball, 78M, EV 73.8 MPH)
|
Bottom of the 5th over - 1 run, 2 hits, 0 errors, 1 left on base; Baltimore 0 - Oakland 3 |
TOP OF THE 6TH |
Baltimore Orioles batting - Pitching for Oakland Athletics : LHP Shelby Rich
|
Batting: RHB Andres Leon
|
0-0: Ball 1-0: SINGLE (Groundball, 6MD, EV 103.1 MPH)
|
Batting: RHB Marc Peckermark
|
0-0: Ball 1-0: Called Strike 1-1: Grounds into double play, 3-6-1 (Groundball, 34S, EV 85.6 MPH)
|
Batting: RHB Kevin Howard
|
0-0: Called Strike 0-1: Fly out, F8 (Flyball, 8RXD, EV 91.9 MPH)
|
Top of the 6th over - 0 runs, 1 hit, 0 errors, 0 left on base; Baltimore 0 - Oakland 3 |
BOTTOM OF THE 6TH |
Oakland Athletics batting - Pitching for Baltimore Orioles : RHP Jacob Taylor
|
Batting: RHB Philip Jansen
|
0-0: Ball 1-0: Ball 2-0: Reached on error, E6 (Groundball, 6, EV 110.0 MPH)
|
Batting: LHB Nate Dean
|
0-0: Called Strike 0-1: Foul Ball, location: 2F 0-2: DOUBLE (Line Drive, 9LM, EV 97.5 MPH) Philip Jansen to third
|
Batting: SHB Robert Handy
|
0-0: Ball 1-0: Foul Ball, location: 2F 1-1: Foul Ball, location: 2F 1-2: Ball 2-2: SINGLE (Groundball, 3D, EV 101.9 MPH) Philip Jansen scores Nate Dean to third Runner from 3rd tries for Home, SAFE, throw by RF to home
|
Pitching: RHP Mike Hurst
|
|
Batting: RHB Sébastien Piat
|
0-0: Called Strike 0-1: SINGLE (Line Drive, 56D, EV 95.6 MPH) Robert Handy to second
|
Batting: LHB George Leary
|
0-0: Called Strike 0-1: Ball 1-1: Ball 2-1: Swinging Strike 2-2: Foul Ball, location: 2F 2-2: Strikes out swinging
|
Batting: SHB Ryan Langlois
|
0-0: Ball 1-0: Ball 2-0: Fly out, F8 (Flyball, 8LM, EV 88.8 MPH)
|
Batting: LHB Tommy King
|
0-0: Foul Ball, location: 2F 0-1: Ball 1-1: Called Strike 1-2: Ball 2-2: 3-RUN HOME RUN (Flyball, 89XD, EV 107.5 MPH), Distance : 400 ft
|
Batting: RHB Danny Murillo
|
0-0: Swinging Strike 0-1: Ground out 6-3 (Groundball, 6S, EV 83.1 MPH)
|
Bottom of the 6th over - 5 runs, 4 hits, 1 error, 0 left on base; Baltimore 0 - Oakland 8 |
TOP OF THE 7TH |
Baltimore Orioles batting - Pitching for Oakland Athletics : LHP Shelby Rich
|
Batting: LHB Brad Pepin
|
0-0: Ball 1-0: Foul Ball, location: 2F 1-1: Ball 2-1: Fly out, F8 (Flyball, 78M, EV 93.8 MPH)
|
Batting: RHB Saimei Kudo
|
0-0: Foul Ball, location: 2F 0-1: Swinging Strike 0-2: Fly out, F9 (Flyball, 89D, EV 103.8 MPH)
|
Batting: RHB Alex Rodriguez Jr.
|
0-0: SINGLE (Line Drive, 7S, EV 96.9 MPH)
|
Batting: RHB Jeremy Giesler
|
0-0: Fly out, F9 (Flyball, 9D, EV 101.9 MPH)
|
Top of the 7th over - 0 runs, 1 hit, 0 errors, 1 left on base; Baltimore 0 - Oakland 8 |
BOTTOM OF THE 7TH |
Oakland Athletics batting - Pitching for Baltimore Orioles : RHP Mike Hurst
|
Batting: RHB Muneo Kawachi
|
0-0: Ball 1-0: Swinging Strike 1-1: Called Strike 1-2: Strikes out swinging
|
Batting: RHB Philip Jansen
|
0-0: Called Strike 0-1: Ball 1-1: Ball 2-1: Fly out, F7 (Flyball, 78D, EV 74.4 MPH)
|
Batting: LHB Nate Dean
|
0-0: Ball 1-0: Swinging Strike 1-1: Called Strike 1-2: Strikes out swinging
|
Bottom of the 7th over - 0 runs, 0 hits, 0 errors, 0 left on base; Baltimore 0 - Oakland 8 |
TOP OF THE 8TH |
Baltimore Orioles batting - Pitching for Oakland Athletics : LHP Shelby Rich
|
Batting: RHB Randy Johnson Jr.
|
0-0: Ball 1-0: Fly out, F9 (Flyball, 9LS, EV 90.0 MPH)
|
Batting: RHB Carlos Talavera
|
0-0: Ball 1-0: Foul Ball, location: 2F 1-1: Ball 2-1: Called Strike 2-2: Foul Ball, location: 2F 2-2: Ground out 6-3 (Groundball, 56, EV 88.1 MPH)
|
Batting: RHB Andres Leon
|
0-0: Ball 1-0: Called Strike 1-1: Ball 2-1: Ground out U3 (Groundball, 3, EV 91.2 MPH)
|
Top of the 8th over - 0 runs, 0 hits, 0 errors, 0 left on base; Baltimore 0 - Oakland 8 |
BOTTOM OF THE 8TH |
Oakland Athletics batting - Pitching for Baltimore Orioles : RHP Mike Hurst
|
Batting: SHB Robert Handy
|
0-0: Ball 1-0: Ball 2-0: Ball 3-0: Base on Balls
|
Pitching: LHP Matt Tomlinson
|
|
Batting: RHB Sébastien Piat
|
0-0: Ball 1-0: Ball 2-0: SINGLE (Groundball, 5D, EV 103.1 MPH) Robert Handy to second
|
Batting: LHB George Leary
|
0-0: Swinging Strike 0-1: Ball 1-1: Grounds into double play, 3-6-1 (Groundball, 3S, EV 86.2 MPH) Robert Handy to third
|
Batting: SHB Ryan Langlois
|
0-0: Ball 1-0: Foul Ball, location: 2F 1-1: Ball 2-1: Ball 3-1: Foul Ball, location: 2F 3-2: Base on Balls
|
Batting: LHB Tommy King
|
0-0: Ball 1-0: Foul Ball, location: 2F 1-1: Foul Ball, location: 2F 1-2: Strikes out swinging
|
Bottom of the 8th over - 0 runs, 1 hit, 0 errors, 2 left on base; Baltimore 0 - Oakland 8 |
TOP OF THE 9TH |
Baltimore Orioles batting - Pitching for Oakland Athletics : LHP Shelby Rich
|
Batting: RHB Marc Peckermark
|
0-0: SINGLE (Line Drive, 89S, EV 97.5 MPH)
|
Batting: RHB Kevin Howard
|
0-0: Foul Ball, location: 2F 0-1: Ball 1-1: Foul Ball, location: 2F 1-2: Reached on error, E3 (Groundball, 34, EV 84.4 MPH) Marc Peckermark to second
|
Batting: LHB Brad Pepin
|
0-0: Fly out, F4 (Popup, 13, EV 86.2 MPH)
|
Batting: RHB Saimei Kudo
|
0-0: Called Strike 0-1: Foul Ball, location: 2F 0-2: Ball 1-2: Ball 2-2: Ball 3-2: SINGLE (Groundball, 56, EV 101.2 MPH) (infield hit) Marc Peckermark to third Kevin Howard to second
|
Batting: RHB Alex Rodriguez Jr.
|
0-0: Ball 1-0: Fielders Choice at 2nd, 6-4 (Groundball, 6, EV 84.4 MPH) Marc Peckermark scores Kevin Howard to third
|
Batting: RHB Jeremy Giesler
|
0-0: Called Strike 0-1: Ball 1-1: Ball 2-1: Ball 3-1: Swinging Strike 3-2: Base on Balls Alex Rodriguez Jr. to second
|
Batting: RHB Randy Johnson Jr.
|
0-0: Ball 1-0: Called Strike 1-1: Called Strike 1-2: Ball 2-2: Strikes out swinging
|
Top of the 9th over - 1 run, 2 hits, 1 error, 3 left on base; Baltimore 1 - Oakland 8 |
|